Eagles vs Thunderbirds (R1)

Created - December 21, 2021 at 19:48

Goals
1 2 3 T
Eagles 0 2 2 4
Thunderbirds 0 1 2 3
Shots
1 2 3 T
Eagles 7 11 14 32
Thunderbirds 6 13 15 34

1st period

No Goal

Penalties :
Valentin Zykov (Spr) for Hooking (Minor) at 7:46, Viktor Baldayev (Spr) for Holding (Minor) at 10:40, Quinton Howden (Spr) for Unsportsmanlike conduct (Minor) at 17:56

2nd period

1. Eagles , Daniel Carr 2 (John Ramage 2, Tomas Tatar 2) at 5:37 (PP)
2. Eagles , Daniel Carr 3 (Jonathan Marchessault 4) at 6:21
3. Thunderbirds , Kerby Rychel 2 (Quinton Howden 2) at 13:22 (PP)

Penalties :
Stefan Elliott (Col) for Holding (Minor) at 3:18, John Draeger (Spr) for Tripping (Minor) at 4:23, Michal Jordan (Spr) for High sticking (Minor) at 6:44, Joseph Blandisi (Col) for Roughing (Minor) at 9:28, Daniel Carr (Col) for High sticking (Minor) at 9:41, Tomas Tatar (Col) for Hooking (Minor) at 12:14, Dmitrij Jaskin (Col) for Boarding (Minor) at 16:01

3rd period

4. Eagles , Jonathan Marchessault 4 (Dmitrij Jaskin 4, Thomas Chabot 1) at 7:37
5. Thunderbirds , Quinton Howden 2 (Kerby Rychel 4) at 9:36
6. Thunderbirds , Quinton Howden 3 (Viktor Baldayev 1, Christian Fischer 3) at 11:57
7. Eagles , Joseph Blandisi 1 (Thomas Chabot 2) at 15:14

Penalties :
Ryan Lomberg (Spr) for Hooking (Minor) at 13:00

Goalie Stats

Marek Mazanek (Col), 31 saves from 34 shots - (0.912), W, 4-2-0, 60:00 minutes
Artyom Zagidulin (Spr), 28 saves from 32 shots - (0.875), L, 0-1-0, 59:51 minutes

Players Stats for Eagles

Player Name              G  A  P  +/- PIM S  H  SB GA TA FO     MP     PP MP  PK MP  
------------------------------------------------------------------------------------
Anthony Duclair          0  0  0   0  0   1  0  0  0  0  0/0     7:44   0:01   0:48 
Connor Carrick           0  0  0   3  0   1  2  0  0  2  0/0     9:35   0:00   0:00 
Daniel Carr              2  0  2   1  2   3  1  1  0  0  3/7    27:42   5:19   2:24 
Dmitrij Jaskin           0  1  1   1  2   6  2  0  0  0  0/1    21:18   5:14   0:12 
Drake Caggiula           0  0  0  -1  0   0  1  0  2  0  3/9    17:28   4:40   1:38 
Jared McCann             0  0  0   1  0   3  1  0  0  0  6/13   10:59   0:00   0:21 
Joel Edmundson           0  0  0  -2  0   0  3  0  0  2  0/0    27:45   5:30   4:19 
John Ramage              0  1  1   0  0   0  0  1  0  0  0/0    20:28   4:45   2:05 
Jonathan Marchessault    1  1  2   1  0   5  2  1  0  0  19/35  22:03   5:14   0:56 
Jonathan Racine          0  0  0   0  0   0  0  0  0  0  0/0     2:54   0:00   0:00 
Joseph Blandisi          1  0  1   1  2   3  0  0  0  0  0/0    10:57   0:00   0:20 
Matteson Iacopelli       0  0  0  -1  0   1  2  0  0  0  1/2    15:50   4:40   0:00 
Michael Dal Colle        0  0  0   0  0   0  0  0  0  0  0/0     0:00   0:00   0:00 
Pius Suter               0  0  0   0  0   0  0  0  0  1  1/1     2:35   0:00   2:18 
Ryan Murphy              0  0  0   0  0   0  0  1  0  0  0/0    20:28   4:45   2:05 
Sam Steel                0  0  0   0  0   0  0  0  0  0  0/0     3:07   0:01   0:00 
Stefan Elliott           0  0  0  -2  2   4  2  1  2  2  0/0    26:36   5:50   3:33 
Thomas Chabot            0  2  2   3  0   2  1  0  0  0  0/0     9:39   0:00   0:46 
Tomas Tatar              0  1  1  -1  2   3  0  0  0  0  1/1    18:55   5:00   2:04 
Tyler Motte              0  0  0   1  0   0  2  0  0  0  0/1     7:00   0:16   0:00 
Xavier Ouellet           0  0  0   0  0   0  0  0  0  0  0/0     2:54   0:00   0:00 
Zach Aston-Reese         0  0  0   0  0   0  1  0  0  0  1/4     4:54   0:00   0:00 

Players Stats for Thunderbirds

Player Name              G  A  P  +/- PIM S  H  SB GA TA FO     MP     PP MP  PK MP  
------------------------------------------------------------------------------------
Calvin Thurkauf          0  0  0   0  0   0  0  0  0  0  0/0     0:00   0:00   0:00 
Christian Fischer        0  1  1   2  0   1  0  1  0  0  0/0    18:14   3:33   0:00 
Griffin Reinhart         0  0  0   1  0   1  1  3  0  0  0/0    29:59   3:48   5:52 
Jake Walman              0  0  0   0  0   1  1  0  0  0  0/0     2:54   0:00   0:12 
Jean-Sebastien Dea       0  0  0   0  0   1  2  0  0  0  0/4    10:10   0:00   0:00 
Jerry D'Amigo            0  0  0  -1  0   2  1  1  0  0  0/1    17:54   2:51   3:28 
John Draeger             0  0  0  -3  2   0  0  1  2  0  0/0    19:41   2:35   4:03 
Keaton Thompson          0  0  0   1  0   2  0  0  0  0  0/0     8:02   0:00   0:57 
Kerby Rychel             1  1  2   1  0   6  2  0  1  0  2/2    25:00   3:23   4:50 
Kyle Platzer             0  0  0  -1  0   0  0  1  0  0  0/1     3:40   0:00   2:59 
Lukas Vejdemo            0  0  0   0  0   0  0  0  0  0  0/0     0:33   0:00   0:33 
Matt Puempel             0  0  0  -1  0   0  0  1  0  0  0/0     7:51   0:00   1:52 
Michael McCarron         0  0  0   0  0   0  0  0  0  0  0/0     0:10   0:10   0:00 
Michal Jordan            0  0  0   1  2   0  2  2  0  0  0/0    28:49   3:48   4:43 
Mitchell Heard           0  0  0  -1  0   2  0  1  1  0  7/11   13:03   2:51   0:00 
Nelson Nogier            0  0  0   0  0   0  0  0  0  0  0/0     2:42   0:00   0:00 
Nicklas Jensen           0  0  0  -1  0   1  0  0  1  0  0/0     5:33   0:00   0:00 
Niklas Hansson           0  0  0  -3  0   3  2  2  0  2  0/0    20:14   2:36   4:23 
Quinton Howden           2  1  3   2  2   7  3  0  1  1  26/49  24:05   3:33   4:01 
Roberts Lipsbergs        0  0  0   0  0   0  0  0  0  0  0/0     0:00   0:00   0:00 
Ryan Lomberg             0  0  0  -1  2   4  2  0  0  0  2/2    10:24   0:00   0:00 
Tanner Laczynski         0  0  0  -1  0   0  0  0  0  0  2/3     5:33   0:00   0:00 
Tom Kuhnhackl            0  0  0   0  0   2  0  0  1  0  0/1    10:10   0:00   0:00 
Valentin Zykov           0  0  0  -1  2   0  2  0  0  1  0/0    16:24   2:51   2:47 
Viktor Baldayev          0  1  1   1  2   1  0  1  0  0  0/0     7:40   0:00   0:20 

3 Stars

1 - Quinton Howden (Spr)
2 - Jonathan Marchessault (Col)
3 - Daniel Carr (Col)

Power Play

Eagles - 1 on 6 Attempt(s) - 16.67%
Thunderbirds - 1 on 5 Attempt(s) - 20.00%

Penalty Kill

Eagles - 4 on 5 Attempt(s) - 80.00% - Score 0 goal in Penalty Kill
Thunderbirds - 5 on 6 Attempt(s) - 83.33% - Score 0 goal in Penalty Kill

Team Stat

Eagles - Hits : 20 - Faceoff Wins : 35 - Blocked Shots : 5 - Penalty Minutes : 10
Thunderbirds - Hits : 18 - Faceoff Wins : 39 - Blocked Shots : 14 - Penalty Minutes : 12

Official

Referees : Chris Lee and Corey Syvret
Linesman : Vaughan Rody and James Tobias

Game Notes

Anthony Duclair is injured at 13:20 of 2nd period (Strained Right Elbow)

Finance

Level 1 -- Attendance: 1700 (85.00%) -- Ticket Income $59,500
Level 2 -- Attendance: 1000 (100.00%) -- Ticket Income $15,000
Total Attendance: 2700 (90.00%)
Total Ticket Income: $74,500
Other Income: $3,725
Total Income: $78,225

Eagles

5 vs 5 Forward 
   Center                   Left Wing                Right Wing               Time % Phy DF OF 
 1 Jonathan Marchessault    Daniel Carr              Dmitrij Jaskin           40     1   2  2  
 2 Drake Caggiula           Tomas Tatar              Matteson Iacopelli       30     1   2  2  
 3 Jared McCann             Joseph Blandisi          Anthony Duclair          20     1   2  2  
 4 Zach Aston-Reese         Anthony Duclair          Daniel Carr              10     1   2  2  

5 vs 5 Defense 
   Defense                  Defense                                           Time % Phy DF OF 
 1 Stefan Elliott           Joel Edmundson                                    40     1   2  2  
 2 Ryan Murphy              John Ramage                                       30     1   2  2  
 3 Connor Carrick           Thomas Chabot                                     20     1   2  2  
 4 Jonathan Racine          Xavier Ouellet                                    10     1   2  2  

PowerPlay Forward 
   Center                   Left Wing                Right Wing               Time % Phy DF OF 
 1 Jonathan Marchessault    Daniel Carr              Dmitrij Jaskin           60     1   2  2  
 2 Drake Caggiula           Tomas Tatar              Matteson Iacopelli       40     1   2  2  

PowerPlay Defense
   Defense                  Defense                                           Time % Phy DF OF 
 1 Stefan Elliott           Joel Edmundson                                    60     1   2  2  
 2 Ryan Murphy              John Ramage                                       40     1   2  2  

Penalty Kill 4 Players Forward 
   Center                   Wing                     Time % Phy DF OF 
 1 Daniel Carr              Tomas Tatar              60     1   2  2  
 2 Jonathan Marchessault    Dmitrij Jaskin           40     1   2  2  

Penalty Kill 4 Players Defense
   Defense                  Defense                  Time % Phy DF OF 
 1 Stefan Elliott           Joel Edmundson           60     1   2  2  
 2 Ryan Murphy              John Ramage              40     1   2  2  

Penalty Kill - 3 Players Forward 
   Forward                                           Time % Phy DF OF 
 1 Daniel Carr                                       60     1   2  2  
 2 Tomas Tatar                                       40     1   2  2  

Penalty Kill - 3 Players Defense
   Defense                  Defense                  Time % Phy DF OF 
 1 Stefan Elliott           Joel Edmundson           60     1   2  2  
 2 Ryan Murphy              John Ramage              40     1   2  2  

4 vs 4 Forward 
   Center                   Wing                     Time % Phy DF OF 
 1 Daniel Carr              Tomas Tatar              60     1   2  2  
 2 Jonathan Marchessault    Dmitrij Jaskin           40     1   2  2  

4 vs 4 Defense
   Defense                  Defense                  Time % Phy DF OF 
 1 Stefan Elliott           Joel Edmundson           60     1   2  2  
 2 Ryan Murphy              John Ramage              40     1   2  2  

Last Minutes Offensive
   Center                   Left Wing                Right Wing               Defense                  Defense                  
   Jonathan Marchessault    Daniel Carr              Dmitrij Jaskin           Stefan Elliott           Joel Edmundson           

Last Minutes Defensive
   Center                   Left Wing                Right Wing               Defense                  Defense                  
   Jonathan Marchessault    Daniel Carr              Dmitrij Jaskin           Stefan Elliott           Joel Edmundson           

Goaltenders
Starting : Marek Mazanek            
Backup : Antoine Bibeau           

Extra Forwards
Normal : Tyler Motte, Sam Steel, Pius Suter - PP : Tyler Motte, Sam Steel - PK : Pius Suter
Extra Defensemen
Normal : Connor Carrick, Thomas Chabot, Jonathan Racine - PP : Connor Carrick - PK : Thomas Chabot, Jonathan Racine
Penalty Shots
Daniel Carr, Tomas Tatar, Jonathan Marchessault, Dmitrij Jaskin, Joseph Blandisi

Scratches
Chris Calhan (Healthy), Dominik Kubalik (Healthy), Mark Friedman (Healthy), Keaton Middleton (Healthy), Max Lajoie (Healthy)
Pascal Laberge (Healthy), Adin Hill (Healthy)

Thunderbirds

5 vs 5 Forward 
   Center                   Left Wing                Right Wing               Time % Phy DF OF 
 1 Quinton Howden           Kerby Rychel             Christian Fischer        40     1   2  2  
 2 Mitchell Heard           Valentin Zykov           Jerry D'Amigo            30     1   2  2  
 3 Jean-Sebastien Dea       Ryan Lomberg             Tom Kuhnhackl            20     1   2  2  
 4 Tanner Laczynski         Matt Puempel             Nicklas Jensen           10     1   2  2  

5 vs 5 Defense 
   Defense                  Defense                                           Time % Phy DF OF 
 1 Griffin Reinhart         Michal Jordan                                     40     1   2  2  
 2 Niklas Hansson           John Draeger                                      30     1   2  2  
 3 Viktor Baldayev          Keaton Thompson                                   20     1   2  2  
 4 Jake Walman              Nelson Nogier                                     10     1   2  2  

PowerPlay Forward 
   Center                   Left Wing                Right Wing               Time % Phy DF OF 
 1 Quinton Howden           Kerby Rychel             Christian Fischer        60     0   1  4  
 2 Mitchell Heard           Valentin Zykov           Jerry D'Amigo            40     0   1  4  

PowerPlay Defense
   Defense                  Defense                                           Time % Phy DF OF 
 1 Griffin Reinhart         Michal Jordan                                     60     0   2  3  
 2 Niklas Hansson           John Draeger                                      40     0   2  3  

Penalty Kill 4 Players Forward 
   Center                   Wing                     Time % Phy DF OF 
 1 Quinton Howden           Kerby Rychel             60     1   3  1  
 2 Jerry D'Amigo            Valentin Zykov           40     1   3  1  

Penalty Kill 4 Players Defense
   Defense                  Defense                  Time % Phy DF OF 
 1 Griffin Reinhart         Michal Jordan            60     1   4  0  
 2 Niklas Hansson           John Draeger             40     1   4  0  

Penalty Kill - 3 Players Forward 
   Forward                                           Time % Phy DF OF 
 1 Quinton Howden                                    60     1   3  1  
 2 Kerby Rychel                                      40     1   3  1  

Penalty Kill - 3 Players Defense
   Defense                  Defense                  Time % Phy DF OF 
 1 Griffin Reinhart         Michal Jordan            60     1   4  0  
 2 Niklas Hansson           John Draeger             40     1   4  0  

4 vs 4 Forward 
   Center                   Wing                     Time % Phy DF OF 
 1 Quinton Howden           Kerby Rychel             60     1   2  2  
 2 Jerry D'Amigo            Valentin Zykov           40     1   2  2  

4 vs 4 Defense
   Defense                  Defense                  Time % Phy DF OF 
 1 Griffin Reinhart         Michal Jordan            60     1   2  2  
 2 Niklas Hansson           John Draeger             40     1   2  2  

Last Minutes Offensive
   Center                   Left Wing                Right Wing               Defense                  Defense                  
   Quinton Howden           Kerby Rychel             Jerry D'Amigo            Griffin Reinhart         Michal Jordan            

Last Minutes Defensive
   Center                   Left Wing                Right Wing               Defense                  Defense                  
   Quinton Howden           Kerby Rychel             Jerry D'Amigo            Griffin Reinhart         Michal Jordan            

Goaltenders
Starting : Artyom Zagidulin         
Backup : Carter Hutton            

Extra Forwards
Normal : Michael McCarron, Roberts Lipsbergs, Kyle Platzer - PP : Michael McCarron, Roberts Lipsbergs - PK : Kyle Platzer
Extra Defensemen
Normal : Viktor Baldayev, Keaton Thompson, Jake Walman - PP : Viktor Baldayev - PK : Keaton Thompson, Jake Walman
Penalty Shots
Quinton Howden, Kerby Rychel, Jerry D'Amigo, Valentin Zykov, Christian Fischer

Scratches
Connor Honey (Healthy), Dmytro Timashov (Healthy), Artur Kayumov (Healthy), Igor Bobkov (Healthy), Niklas Treutle (Healthy)

% Time on Ice - Eagles

Lines # - Real PCT - Wanted PCT - Time Play
Normal Forward
1 - 35% - 40% - 14:17
2 - 28% - 30% - 11:27
3 - 26% - 20% - 10:38
4 - 12% - 10% - 4:54
Normal Defense
1 - 41% - 40% - 16:48
2 - 31% - 30% - 12:41
3 - 22% - 20% - 8:53
4 - 7% - 10% - 2:54
PP Forward
1 - 54% - 60% - 5:35
2 - 46% - 40% - 4:40
PP Defense
1 - 54% - 60% - 5:30
2 - 46% - 40% - 4:45
PK Forward
1 - 80% - 60% - 3:42
2 - 20% - 40% - 0:56
PK Defense
1 - 72% - 60% - 3:21
2 - 28% - 40% - 1:17
PK3 Forward
1 - 100% - 60% - 1:46
2 - 0% - 40% - 0:00
PK3 Defense
1 - 55% - 60% - 0:58
2 - 45% - 40% - 0:48
44 Forward
1 - 78% - 60% - 0:42
2 - 22% - 40% - 0:12
44 Defense
1 - 78% - 60% - 0:42
2 - 22% - 40% - 0:12
Last Minute Offensive  - 0:00
Last Minute Defensive  - 1:11
Total
Forward - 60:00
Defense - 60:00

% Time on Ice - Thunderbirds

Lines # - Real PCT - Wanted PCT - Time Play
Normal Forward
1 - 37% - 40% - 15:22
2 - 25% - 30% - 10:12
3 - 25% - 20% - 10:10
4 - 13% - 10% - 5:33
Normal Defense
1 - 45% - 40% - 18:36
2 - 31% - 30% - 12:54
3 - 17% - 20% - 7:05
4 - 7% - 10% - 2:42
PP Forward
1 - 55% - 60% - 3:33
2 - 45% - 40% - 2:51
PP Defense
1 - 59% - 60% - 3:48
2 - 41% - 40% - 2:36
PK Forward
1 - 66% - 60% - 6:47
2 - 34% - 40% - 3:28
PK Defense
1 - 57% - 60% - 5:52
2 - 43% - 40% - 4:23
PK3 Forward
1 - 0% - 60%
2 - 0% - 40%
PK3 Defense
1 - 0% - 60%
2 - 0% - 40%
44 Forward
1 - 76% - 60% - 0:41
2 - 24% - 40% - 0:13
44 Defense
1 - 78% - 60% - 0:42
2 - 22% - 40% - 0:12
Last Minute Offensive  - 1:10
Last Minute Defensive  - 0:00
Total
Forward - 60:00
Defense - 60:00

Play-by-Play

1st period


0:01 of 1st period - Quinton Howden wins face-off versus Jonathan Marchessault in neutral zone.
0:10 of 1st period - Wrist shot by Daniel Carr.
0:10 of 1st period - Shot Misses the Net.
0:12 of 1st period - Slapshot by Stefan Elliott.
0:12 of 1st period - Shot Blocked by Michal Jordan.
0:35 of 1st period - Wrist shot by Tomas Tatar.
0:35 of 1st period - Shot Misses the Net.
1:13 of 1st period - Snap shot by Tanner Laczynski.
1:13 of 1st period - Shot Misses the Net.
1:35 of 1st period - Slapshot by Kerby Rychel.
1:35 of 1st period - Deflect By Tomas Tatar.
1:35 of 1st period - Shot Misses the Net.
1:35 of 1st period - Puck is out of play.
1:36 of 1st period - Mitchell Heard wins face-off versus Jared McCann in Eagles zone.
1:45 of 1st period - Snap shot by Jerry D'Amigo.
1:45 of 1st period - Shot Misses the Net.
1:47 of 1st period - Snap shot by Mitchell Heard.
1:47 of 1st period - Stopped by Marek Mazanek with a rebound.
1:49 of 1st period - Snap shot by Mitchell Heard.
1:49 of 1st period - Shot Misses the Net.
2:45 of 1st period - Snap shot by Anthony Duclair.
2:45 of 1st period - Stopped by Artyom Zagidulin without a rebound.
2:46 of 1st period - Tanner Laczynski wins face-off versus Zach Aston-Reese in Thunderbirds zone.
2:57 of 1st period - Snap shot by Anthony Duclair.
2:57 of 1st period - Shot Misses the Net.
3:27 of 1st period - Wrist shot by Tom Kuhnhackl.
3:27 of 1st period - Shot Misses the Net.
3:29 of 1st period - Slapshot by Jake Walman.
3:29 of 1st period - Deflect By Ryan Murphy.
3:29 of 1st period - Stopped by Marek Mazanek without a rebound.
3:30 of 1st period - Ryan Lomberg wins face-off versus Jared McCann in Eagles zone.
4:02 of 1st period - Snap shot by Quinton Howden.
4:02 of 1st period - Shot Misses the Net.
4:04 of 1st period - Slapshot by Niklas Hansson.
4:04 of 1st period - Deflect By Thomas Chabot.
4:04 of 1st period - Stopped by Marek Mazanek with a rebound.
4:14 of 1st period - Slapshot by Tanner Laczynski.
4:14 of 1st period - Deflect By Nicklas Jensen.
4:14 of 1st period - Stopped by Marek Mazanek with a rebound.
4:24 of 1st period - Griffin Reinhart is hit by Jonathan Marchessault and loses puck.
4:43 of 1st period - Jake Walman is hit by Dmitrij Jaskin and loses puck.
5:02 of 1st period - Slapshot by Drake Caggiula.
5:02 of 1st period - Shot Misses the Net.
5:04 of 1st period - Snap shot by Tomas Tatar.
5:04 of 1st period - Stopped by Artyom Zagidulin without a rebound.
5:05 of 1st period - Quinton Howden wins face-off versus Drake Caggiula in Thunderbirds zone.
5:14 of 1st period - Backhand shot by Christian Fischer.
5:14 of 1st period - Shot Blocked by Stefan Elliott.
5:32 of 1st period - Snap shot by Drake Caggiula.
5:32 of 1st period - Deflect By Matteson Iacopelli.
5:32 of 1st period - Shot Hit the Post.
5:32 of 1st period - Puck is out of play.
5:33 of 1st period - Jared McCann wins face-off versus Quinton Howden in Thunderbirds zone.
5:34 of 1st period - Snap shot by Joseph Blandisi.
5:34 of 1st period - Stopped by Artyom Zagidulin without a rebound.
5:35 of 1st period - Quinton Howden wins face-off versus Jared McCann in Thunderbirds zone.
5:47 of 1st period - Wrist shot by Quinton Howden.
5:47 of 1st period - Deflect By Kerby Rychel.
5:47 of 1st period - Shot Misses the Net.
5:47 of 1st period - Puck is out of play.
5:48 of 1st period - Zach Aston-Reese wins face-off versus Quinton Howden in Eagles zone.
6:03 of 1st period - Backhand shot by Zach Aston-Reese.
6:03 of 1st period - Shot Misses the Net.
6:41 of 1st period - Wrist shot by Tom Kuhnhackl.
6:41 of 1st period - Shot Blocked by Jonathan Marchessault.
7:00 of 1st period - Anthony Duclair is hit by Niklas Hansson and loses puck.
7:46 of 1st period - Minor Penalty to Valentin Zykov for Hooking.
7:47 of 1st period - Jonathan Marchessault wins face-off versus Quinton Howden in Thunderbirds zone.
7:48 of 1st period - Wrist shot by Daniel Carr.
7:48 of 1st period - Shot Misses the Net.
7:54 of 1st period - Slapshot by Dmitrij Jaskin.
7:54 of 1st period - Stopped by Artyom Zagidulin without a rebound.
7:55 of 1st period - Quinton Howden wins face-off versus Jonathan Marchessault in Thunderbirds zone.
9:36 of 1st period - Joel Edmundson is hit by Griffin Reinhart and loses puck.
9:46 of 1st period - Penalty to Valentin Zykov is over, Valentin Zykov is back on ice.
9:53 of 1st period - Snap shot by Joseph Blandisi.
9:53 of 1st period - Shot Blocked by John Draeger.
9:55 of 1st period - Wrist shot by Jared McCann.
9:55 of 1st period - Shot Blocked by Niklas Hansson.
9:57 of 1st period - Slapshot by Anthony Duclair.
9:57 of 1st period - Deflect By Jared McCann.
9:57 of 1st period - Stopped by Artyom Zagidulin with a rebound.
9:59 of 1st period - Wrist shot by Jared McCann.
9:59 of 1st period - Shot Misses the Net.
10:01 of 1st period - Snap shot by Anthony Duclair.
10:01 of 1st period - Shot Blocked by Kyle Platzer.
10:40 of 1st period - Minor Penalty to Viktor Baldayev for Holding.
10:41 of 1st period - Quinton Howden wins face-off versus Drake Caggiula in Thunderbirds zone.
11:07 of 1st period - Jerry D'Amigo is hit by Joel Edmundson and loses puck.
11:12 of 1st period - Snap shot by Dmitrij Jaskin.
11:12 of 1st period - Shot Blocked by Jerry D'Amigo.
12:40 of 1st period - Penalty to Viktor Baldayev is over, Viktor Baldayev is back on ice.
14:11 of 1st period - John Draeger is hit by Zach Aston-Reese and loses puck.
15:00 of 1st period - Anthony Duclair is hit by Jake Walman and loses puck.
15:38 of 1st period - Snap shot by Valentin Zykov.
15:38 of 1st period - Deflect By Jerry D'Amigo.
15:38 of 1st period - Stopped by Marek Mazanek without a rebound.
15:39 of 1st period - Mitchell Heard wins face-off versus Zach Aston-Reese in Eagles zone.
16:08 of 1st period - Snap shot by Quinton Howden.
16:08 of 1st period - Shot Blocked by John Ramage.
16:10 of 1st period - Slapshot by Niklas Hansson.
16:10 of 1st period - Stopped by Marek Mazanek without a rebound.
16:11 of 1st period - Jonathan Marchessault wins face-off versus Quinton Howden in Eagles zone.
16:15 of 1st period - Off-side.
16:16 of 1st period - Jonathan Marchessault wins face-off versus Quinton Howden in neutral zone.
16:38 of 1st period - Icing by Christian Fischer.
16:39 of 1st period - Quinton Howden wins face-off versus Drake Caggiula in Thunderbirds zone.
17:02 of 1st period - Icing by Mitchell Heard.
17:03 of 1st period - Mitchell Heard wins face-off versus Jonathan Marchessault in Thunderbirds zone.
17:32 of 1st period - Slapshot by Tomas Tatar.
17:32 of 1st period - Stopped by Artyom Zagidulin without a rebound.
17:33 of 1st period - Quinton Howden wins face-off versus Drake Caggiula in Thunderbirds zone.
17:56 of 1st period - Minor Penalty to Quinton Howden for Unsportsmanlike conduct.
17:57 of 1st period - Jonathan Marchessault wins face-off versus Kyle Platzer in Thunderbirds zone.
18:10 of 1st period - Slapshot by Stefan Elliott.
18:10 of 1st period - Stopped by Artyom Zagidulin with a rebound.
19:10 of 1st period - John Draeger is hit by Joel Edmundson and loses puck.
19:56 of 1st period - Penalty to Quinton Howden is over, Quinton Howden is back on ice.
Goals for this period are 0 for Eagles vs 0 for Thunderbirds.
Shots for this period are 7 for Eagles vs 6 for Thunderbirds.

2nd period


0:01 of 2nd period - Quinton Howden wins face-off versus Jonathan Marchessault in neutral zone.
0:08 of 2nd period - Slapshot by Kerby Rychel.
0:08 of 2nd period - Stopped by Marek Mazanek without a rebound.
0:09 of 2nd period - Quinton Howden wins face-off versus Jonathan Marchessault in Eagles zone.
0:35 of 2nd period - Snap shot by Kerby Rychel.
0:35 of 2nd period - Stopped by Marek Mazanek without a rebound.
0:36 of 2nd period - Mitchell Heard wins face-off versus Drake Caggiula in Eagles zone.
1:29 of 2nd period - Off-side.
1:30 of 2nd period - Jonathan Marchessault wins face-off versus Mitchell Heard in neutral zone.
1:33 of 2nd period - Jerry D'Amigo is hit by Joel Edmundson and loses puck.
1:42 of 2nd period - Wrist shot by Jonathan Marchessault.
1:42 of 2nd period - Deflect By Dmitrij Jaskin.
1:42 of 2nd period - Shot Blocked by Mitchell Heard.
1:42 of 2nd period - Puck is out of play.
1:43 of 2nd period - Jonathan Marchessault wins face-off versus Quinton Howden in Thunderbirds zone.
1:52 of 2nd period - Snap shot by Jonathan Marchessault.
1:52 of 2nd period - Stopped by Artyom Zagidulin with a rebound.
1:54 of 2nd period - Slapshot by Daniel Carr.
1:54 of 2nd period - Shot Blocked by Michal Jordan.
1:56 of 2nd period - Slapshot by Jonathan Marchessault.
1:56 of 2nd period - Stopped by Artyom Zagidulin without a rebound.
1:57 of 2nd period - Quinton Howden wins face-off versus Jonathan Marchessault in Thunderbirds zone.
2:10 of 2nd period - Snap shot by Dmitrij Jaskin.
2:10 of 2nd period - Shot Misses the Net.
2:12 of 2nd period - Snap shot by Dmitrij Jaskin.
2:12 of 2nd period - Stopped by Artyom Zagidulin with a rebound.
2:53 of 2nd period - Slapshot by Ryan Lomberg.
2:53 of 2nd period - Shot Misses the Net.
3:11 of 2nd period - Snap shot by Quinton Howden.
3:11 of 2nd period - Stopped by Marek Mazanek without a rebound.
3:12 of 2nd period - Mitchell Heard wins face-off versus Jonathan Marchessault in Eagles zone.
3:18 of 2nd period - Minor Penalty to Stefan Elliott for Holding.
3:19 of 2nd period - Daniel Carr wins face-off versus Quinton Howden in Eagles zone.
4:23 of 2nd period - Minor Penalty to John Draeger for Tripping.
4:24 of 2nd period - Quinton Howden wins face-off versus Daniel Carr in Thunderbirds zone.
5:05 of 2nd period - Wrist shot by Dmitrij Jaskin.
5:05 of 2nd period - Deflect By Jonathan Marchessault.
5:05 of 2nd period - Shot Blocked by Griffin Reinhart.
5:05 of 2nd period - Puck is out of play.
5:06 of 2nd period - Tomas Tatar wins face-off versus Jerry D'Amigo in Thunderbirds zone.
5:18 of 2nd period - Penalty to Stefan Elliott is over, Stefan Elliott is back on ice.
5:21 of 2nd period - Wrist shot by Jerry D'Amigo.
5:21 of 2nd period - Shot Misses the Net.
5:35 of 2nd period - Wrist shot by Tomas Tatar.
5:35 of 2nd period - Shot Misses the Net.
5:37 of 2nd period - Slapshot by John Ramage.
5:37 of 2nd period - Deflect By Daniel Carr.
5:37 of 2nd period - Goal by Daniel Carr - Eagles : 1 - Thunderbirds : 0.
5:38 of 2nd period - Quinton Howden wins face-off versus Jared McCann in neutral zone.
6:07 of 2nd period - Snap shot by Jerry D'Amigo.
6:07 of 2nd period - Stopped by Marek Mazanek without a rebound.
6:08 of 2nd period - Jonathan Marchessault wins face-off versus Mitchell Heard in Eagles zone.
6:21 of 2nd period - Snap shot by Daniel Carr.
6:21 of 2nd period - Goal by Daniel Carr - Eagles : 2 - Thunderbirds : 0.
6:22 of 2nd period - Jonathan Marchessault wins face-off versus Quinton Howden in neutral zone.
6:44 of 2nd period - Minor Penalty to Michal Jordan for High sticking.
6:45 of 2nd period - Kerby Rychel wins face-off versus Jonathan Marchessault in Thunderbirds zone.
6:58 of 2nd period - Slapshot by Stefan Elliott.
6:58 of 2nd period - Deflect By Kerby Rychel.
6:58 of 2nd period - Stopped by Artyom Zagidulin with a rebound.
8:02 of 2nd period - Matteson Iacopelli is hit by Valentin Zykov and loses puck.
8:44 of 2nd period - Penalty to Michal Jordan is over, Michal Jordan is back on ice.
8:49 of 2nd period - John Ramage is hit by Jean-Sebastien Dea and loses puck.
8:54 of 2nd period - Snap shot by Ryan Lomberg.
8:54 of 2nd period - Stopped by Marek Mazanek without a rebound.
8:55 of 2nd period - Ryan Lomberg wins face-off versus Jared McCann in Eagles zone.
9:02 of 2nd period - Snap shot by Ryan Lomberg.
9:02 of 2nd period - Stopped by Marek Mazanek with a rebound.
9:04 of 2nd period - Snap shot by Ryan Lomberg.
9:04 of 2nd period - Shot Hit the Post.
9:06 of 2nd period - Backhand shot by Keaton Thompson.
9:06 of 2nd period - Stopped by Marek Mazanek without a rebound.
9:07 of 2nd period - Jared McCann wins face-off versus Quinton Howden in Eagles zone.
9:12 of 2nd period - Wrist shot by Quinton Howden.
9:12 of 2nd period - Stopped by Marek Mazanek with a rebound.
9:28 of 2nd period - Minor Penalty to Joseph Blandisi for Roughing.
9:29 of 2nd period - Quinton Howden wins face-off versus Daniel Carr in Eagles zone.
9:38 of 2nd period - Wrist shot by Kerby Rychel.
9:38 of 2nd period - Stopped by Marek Mazanek without a rebound.
9:39 of 2nd period - Daniel Carr wins face-off versus Quinton Howden in Eagles zone.
9:41 of 2nd period - Minor Penalty to Daniel Carr for High sticking.
9:42 of 2nd period - Pius Suter wins face-off versus Quinton Howden in Eagles zone.
9:42 of 2nd period - Pius Suter is hit by Kerby Rychel.
10:02 of 2nd period - Joel Edmundson is hit by Quinton Howden and loses puck.
11:28 of 2nd period - Penalty to Joseph Blandisi is over, Joseph Blandisi is back on ice.
11:41 of 2nd period - Penalty to Daniel Carr is over, Daniel Carr is back on ice.
11:50 of 2nd period - Wrist shot by Jonathan Marchessault.
11:50 of 2nd period - Deflect By Dmitrij Jaskin.
11:50 of 2nd period - Shot Misses the Net.
11:50 of 2nd period - Puck is out of play.
11:51 of 2nd period - Jonathan Marchessault wins face-off versus Jean-Sebastien Dea in Thunderbirds zone.
11:52 of 2nd period - Wrist shot by Daniel Carr.
11:52 of 2nd period - Shot Misses the Net.
11:54 of 2nd period - Wrist shot by Daniel Carr.
11:54 of 2nd period - Shot Misses the Net.
11:56 of 2nd period - Snap shot by Jonathan Marchessault.
11:56 of 2nd period - Shot Misses the Net.
11:58 of 2nd period - Wrist shot by Dmitrij Jaskin.
11:58 of 2nd period - Shot Blocked by Viktor Baldayev.
12:00 of 2nd period - Slapshot by Connor Carrick.
12:00 of 2nd period - Stopped by Artyom Zagidulin with a rebound.
12:02 of 2nd period - Slapshot by Daniel Carr.
12:02 of 2nd period - Shot Misses the Net.
12:04 of 2nd period - Snap shot by Jonathan Marchessault.
12:04 of 2nd period - Shot Misses the Net.
12:06 of 2nd period - Slapshot by Dmitrij Jaskin.
12:06 of 2nd period - Shot Misses the Net.
12:08 of 2nd period - Slapshot by Thomas Chabot.
12:08 of 2nd period - Deflect By Viktor Baldayev.
12:08 of 2nd period - Stopped by Artyom Zagidulin without a rebound.
12:09 of 2nd period - Mitchell Heard wins face-off versus Drake Caggiula in Thunderbirds zone.
12:09 of 2nd period - Mitchell Heard is hit by Drake Caggiula.
12:14 of 2nd period - Minor Penalty to Tomas Tatar for Hooking.
12:15 of 2nd period - Daniel Carr wins face-off versus Quinton Howden in Eagles zone.
13:19 of 2nd period - Anthony Duclair is hit by Valentin Zykov and loses puck.
13:20 of 2nd period - Anthony Duclair from Eagles is injured at 13:20 of 2nd period (Strained Right Elbow).
13:21 of 2nd period - Quinton Howden wins face-off versus Daniel Carr in Eagles zone.
13:22 of 2nd period - Snap shot by Kerby Rychel.
13:22 of 2nd period - Goal by Kerby Rychel - Eagles : 2 - Thunderbirds : 1.
13:23 of 2nd period - Quinton Howden wins face-off versus Dmitrij Jaskin in neutral zone.
13:32 of 2nd period - Slapshot by Quinton Howden.
13:32 of 2nd period - Shot Misses the Net.
14:09 of 2nd period - Snap shot by Jared McCann.
14:09 of 2nd period - Shot Blocked by Griffin Reinhart.
14:31 of 2nd period - Slapshot by Griffin Reinhart.
14:31 of 2nd period - Stopped by Marek Mazanek with a rebound.
15:11 of 2nd period - Wrist shot by Mitchell Heard.
15:11 of 2nd period - Stopped by Marek Mazanek with a rebound.
15:47 of 2nd period - Snap shot by Kerby Rychel.
15:47 of 2nd period - Shot Misses the Net.
16:01 of 2nd period - Minor Penalty to Dmitrij Jaskin for Boarding.
16:02 of 2nd period - Quinton Howden wins face-off versus Daniel Carr in Eagles zone.
16:52 of 2nd period - Jonathan Marchessault is hit by Jerry D'Amigo and loses puck.
17:13 of 2nd period - Tomas Tatar is hit by Michal Jordan and loses puck.
18:01 of 2nd period - Penalty to Dmitrij Jaskin is over, Dmitrij Jaskin is back on ice.
18:17 of 2nd period - Off-side.
18:18 of 2nd period - Tanner Laczynski wins face-off versus Jared McCann in neutral zone.
18:31 of 2nd period - Icing by Xavier Ouellet.
18:32 of 2nd period - Quinton Howden wins face-off versus Jared McCann in Eagles zone.
18:33 of 2nd period - Slapshot by Kerby Rychel.
18:33 of 2nd period - Shot Misses the Net.
18:35 of 2nd period - Slapshot by Keaton Thompson.
18:35 of 2nd period - Stopped by Marek Mazanek without a rebound.
18:36 of 2nd period - Jonathan Marchessault wins face-off versus Quinton Howden in Eagles zone.
18:43 of 2nd period - Slapshot by Stefan Elliott.
18:43 of 2nd period - Stopped by Artyom Zagidulin with a rebound.
18:48 of 2nd period - Off-side.
18:49 of 2nd period - Kerby Rychel wins face-off versus Jonathan Marchessault in neutral zone.
19:34 of 2nd period - Icing by Ryan Murphy.
19:35 of 2nd period - Jared McCann wins face-off versus Tom Kuhnhackl in Eagles zone.
19:40 of 2nd period - Snap shot by Joseph Blandisi.
19:40 of 2nd period - Shot Misses the Net.
19:46 of 2nd period - Snap shot by Jared McCann.
19:46 of 2nd period - Stopped by Artyom Zagidulin with a rebound.
19:48 of 2nd period - Snap shot by Jared McCann.
19:48 of 2nd period - Shot Misses the Net.
19:50 of 2nd period - Wrist shot by Jared McCann.
19:50 of 2nd period - Stopped by Artyom Zagidulin with a rebound.
Goals for this period are 2 for Eagles vs 1 for Thunderbirds.
Shots for this period are 11 for Eagles vs 13 for Thunderbirds.

3rd period


0:01 of 3rd period - Quinton Howden wins face-off versus Jonathan Marchessault in neutral zone.
0:26 of 3rd period - Jerry D'Amigo is hit by Matteson Iacopelli.
0:46 of 3rd period - Snap shot by Matt Puempel.
0:46 of 3rd period - Shot Misses the Net.
0:48 of 3rd period - Slapshot by Niklas Hansson.
0:48 of 3rd period - Stopped by Marek Mazanek without a rebound.
0:49 of 3rd period - Jonathan Marchessault wins face-off versus Tanner Laczynski in Eagles zone.
0:49 of 3rd period - Jonathan Marchessault is hit by Michal Jordan.
1:01 of 3rd period - Wrist shot by Jonathan Marchessault.
1:01 of 3rd period - Shot Misses the Net.
1:17 of 3rd period - Backhand shot by Quinton Howden.
1:17 of 3rd period - Stopped by Marek Mazanek with a rebound.
1:57 of 3rd period - John Ramage is hit by Ryan Lomberg and loses puck.
2:20 of 3rd period - Slapshot by Stefan Elliott.
2:20 of 3rd period - Shot Misses the Net.
2:44 of 3rd period - Slapshot by Kerby Rychel.
2:44 of 3rd period - Stopped by Marek Mazanek without a rebound.
2:45 of 3rd period - Quinton Howden wins face-off versus Jonathan Marchessault in Eagles zone.
2:46 of 3rd period - Snap shot by Kerby Rychel.
2:46 of 3rd period - Stopped by Marek Mazanek without a rebound.
2:47 of 3rd period - Quinton Howden wins face-off versus Jonathan Marchessault in Eagles zone.
2:56 of 3rd period - Snap shot by Quinton Howden.
2:56 of 3rd period - Stopped by Marek Mazanek without a rebound.
2:57 of 3rd period - Jonathan Marchessault wins face-off versus Quinton Howden in Eagles zone.
3:08 of 3rd period - Slapshot by Daniel Carr.
3:08 of 3rd period - Stopped by Artyom Zagidulin with a rebound.
3:10 of 3rd period - Wrist shot by Dmitrij Jaskin.
3:10 of 3rd period - Stopped by Artyom Zagidulin without a rebound.
3:11 of 3rd period - Quinton Howden wins face-off versus Jonathan Marchessault in Thunderbirds zone.
3:36 of 3rd period - Jerry D'Amigo is hit by Stefan Elliott.
3:58 of 3rd period - Slapshot by Niklas Hansson.
3:58 of 3rd period - Shot Misses the Net.
4:00 of 3rd period - Backhand shot by Tom Kuhnhackl.
4:00 of 3rd period - Shot Blocked by Ryan Murphy.
4:38 of 3rd period - Nelson Nogier is hit by Matteson Iacopelli and loses puck.
4:45 of 3rd period - Slapshot by Tomas Tatar.
4:45 of 3rd period - Stopped by Artyom Zagidulin with a rebound.
4:47 of 3rd period - Snap shot by Matteson Iacopelli.
4:47 of 3rd period - Stopped by Artyom Zagidulin with a rebound.
4:49 of 3rd period - Wrist shot by Drake Caggiula.
4:49 of 3rd period - Deflect By Matteson Iacopelli.
4:49 of 3rd period - Shot Misses the Net.
4:49 of 3rd period - Puck is out of play.
4:50 of 3rd period - Mitchell Heard wins face-off versus Tyler Motte in Thunderbirds zone.
5:45 of 3rd period - Slapshot by Stefan Elliott.
5:45 of 3rd period - Stopped by Artyom Zagidulin with a rebound.
7:25 of 3rd period - Wrist shot by Jonathan Marchessault.
7:25 of 3rd period - Stopped by Artyom Zagidulin with a rebound.
7:27 of 3rd period - Snap shot by Thomas Chabot.
7:27 of 3rd period - Stopped by Artyom Zagidulin with a rebound.
7:29 of 3rd period - Snap shot by Jonathan Marchessault.
7:29 of 3rd period - Shot Blocked by Matt Puempel.
7:33 of 3rd period - Wrist shot by Dmitrij Jaskin.
7:33 of 3rd period - Shot Misses the Net.
7:35 of 3rd period - Slapshot by Dmitrij Jaskin.
7:35 of 3rd period - Stopped by Artyom Zagidulin with a rebound.
7:37 of 3rd period - Snap shot by Jonathan Marchessault.
7:37 of 3rd period - Goal by Jonathan Marchessault - Eagles : 3 - Thunderbirds : 1.
7:38 of 3rd period - Drake Caggiula wins face-off versus Quinton Howden in neutral zone.
8:40 of 3rd period - Icing by Zach Aston-Reese.
8:41 of 3rd period - Quinton Howden wins face-off versus Zach Aston-Reese in Eagles zone.
8:50 of 3rd period - Slapshot by Griffin Reinhart.
8:50 of 3rd period - Shot Misses the Net.
8:52 of 3rd period - Slapshot by Michal Jordan.
8:52 of 3rd period - Deflect By Quinton Howden.
8:52 of 3rd period - Stopped by Marek Mazanek without a rebound.
8:53 of 3rd period - Matteson Iacopelli wins face-off versus Quinton Howden in Eagles zone.
8:53 of 3rd period - Matteson Iacopelli is hit by Quinton Howden.
9:19 of 3rd period - Daniel Carr is hit by Jean-Sebastien Dea and loses puck.
9:28 of 3rd period - Wrist shot by Ryan Lomberg.
9:28 of 3rd period - Deflect By Tom Kuhnhackl.
9:28 of 3rd period - Stopped by Marek Mazanek without a rebound.
9:29 of 3rd period - Quinton Howden wins face-off versus Jonathan Marchessault in Eagles zone.
9:36 of 3rd period - Snap shot by Quinton Howden.
9:36 of 3rd period - Goal by Quinton Howden - Eagles : 3 - Thunderbirds : 2.
9:37 of 3rd period - Quinton Howden wins face-off versus Jonathan Marchessault in neutral zone.
9:49 of 3rd period - Slapshot by Stefan Elliott.
9:49 of 3rd period - Shot Blocked by Griffin Reinhart.
9:51 of 3rd period - Backhand shot by Daniel Carr.
9:51 of 3rd period - Deflect By Jonathan Marchessault.
9:51 of 3rd period - Shot Misses the Net.
9:51 of 3rd period - Puck is out of play.
9:52 of 3rd period - Drake Caggiula wins face-off versus Mitchell Heard in Thunderbirds zone.
10:03 of 3rd period - Matteson Iacopelli is hit by Niklas Hansson.
10:17 of 3rd period - Quinton Howden is hit by Stefan Elliott.
10:27 of 3rd period - Snap shot by Jonathan Marchessault.
10:27 of 3rd period - Deflect By Dmitrij Jaskin.
10:27 of 3rd period - Stopped by Artyom Zagidulin without a rebound.
10:28 of 3rd period - Jonathan Marchessault wins face-off versus Mitchell Heard in Thunderbirds zone.
10:37 of 3rd period - Slapshot by Jonathan Marchessault.
10:37 of 3rd period - Shot Misses the Net.
10:55 of 3rd period - Tomas Tatar is hit by Kerby Rychel and loses puck.
11:22 of 3rd period - Michal Jordan is hit by Tyler Motte and loses puck.
11:47 of 3rd period - Wrist shot by Tom Kuhnhackl.
11:47 of 3rd period - Stopped by Marek Mazanek with a rebound.
11:51 of 3rd period - Wrist shot by Jean-Sebastien Dea.
11:51 of 3rd period - Stopped by Marek Mazanek without a rebound.
11:52 of 3rd period - Quinton Howden wins face-off versus Matteson Iacopelli in Eagles zone.
11:53 of 3rd period - Slapshot by Christian Fischer.
11:53 of 3rd period - Shot Misses the Net.
11:55 of 3rd period - Slapshot by Viktor Baldayev.
11:55 of 3rd period - Stopped by Marek Mazanek with a rebound.
11:57 of 3rd period - Snap shot by Quinton Howden.
11:57 of 3rd period - Goal by Quinton Howden - Eagles : 3 - Thunderbirds : 3.
11:58 of 3rd period - Jonathan Marchessault wins face-off versus Quinton Howden in neutral zone.
12:00 of 3rd period - Off-side.
12:01 of 3rd period - Jonathan Marchessault wins face-off versus Quinton Howden in neutral zone.
12:04 of 3rd period - Snap shot by Dmitrij Jaskin.
12:04 of 3rd period - Stopped by Artyom Zagidulin without a rebound.
12:05 of 3rd period - Quinton Howden wins face-off versus Jonathan Marchessault in Thunderbirds zone.
12:05 of 3rd period - Quinton Howden is hit by Daniel Carr.
12:08 of 3rd period - Kerby Rychel is hit by Jonathan Marchessault.
12:30 of 3rd period - Joel Edmundson is hit by Ryan Lomberg and loses puck.
12:35 of 3rd period - Wrist shot by Ryan Lomberg.
12:35 of 3rd period - Stopped by Marek Mazanek without a rebound.
12:36 of 3rd period - Drake Caggiula wins face-off versus Jean-Sebastien Dea in Eagles zone.
12:41 of 3rd period - Wrist shot by Ryan Lomberg.
12:41 of 3rd period - Stopped by Marek Mazanek with a rebound.
13:00 of 3rd period - Minor Penalty to Ryan Lomberg for Hooking.
13:01 of 3rd period - Jonathan Marchessault wins face-off versus Quinton Howden in Thunderbirds zone.
13:45 of 3rd period - Jerry D'Amigo is hit by Dmitrij Jaskin and loses puck.
13:56 of 3rd period - Drake Caggiula is hit by Quinton Howden and loses puck.
15:00 of 3rd period - Penalty to Ryan Lomberg is over, Ryan Lomberg is back on ice.
15:05 of 3rd period - Niklas Hansson is hit by Thomas Chabot and loses puck.
15:12 of 3rd period - Slapshot by Thomas Chabot.
15:12 of 3rd period - Shot Blocked by Niklas Hansson.
15:14 of 3rd period - Wrist shot by Joseph Blandisi.
15:14 of 3rd period - Goal by Joseph Blandisi - Eagles : 4 - Thunderbirds : 3.
15:15 of 3rd period - Jared McCann wins face-off versus Jean-Sebastien Dea in neutral zone.
15:18 of 3rd period - Jean-Sebastien Dea is hit by Jared McCann and loses puck.
15:29 of 3rd period - Slapshot by Joseph Blandisi.
15:29 of 3rd period - Stopped by Artyom Zagidulin without a rebound.
15:30 of 3rd period - Jonathan Marchessault wins face-off versus Quinton Howden in Thunderbirds zone.
15:39 of 3rd period - Slapshot by Dmitrij Jaskin.
15:39 of 3rd period - Deflect By Daniel Carr.
15:39 of 3rd period - Shot Blocked by Christian Fischer.
15:39 of 3rd period - Puck is out of play.
15:40 of 3rd period - Jonathan Marchessault wins face-off versus Quinton Howden in Thunderbirds zone.
15:46 of 3rd period - Off-side.
15:47 of 3rd period - Jared McCann wins face-off versus Jean-Sebastien Dea in neutral zone.
15:52 of 3rd period - Tom Kuhnhackl is hit by Tyler Motte and loses puck.
16:19 of 3rd period - Slapshot by Kerby Rychel.
16:19 of 3rd period - Shot Blocked by Daniel Carr.
16:21 of 3rd period - Snap shot by Christian Fischer.
16:21 of 3rd period - Shot Misses the Net.
16:23 of 3rd period - Slapshot by Quinton Howden.
16:23 of 3rd period - Deflect By Christian Fischer.
16:23 of 3rd period - Stopped by Marek Mazanek without a rebound.
16:24 of 3rd period - Jared McCann wins face-off versus Quinton Howden in Eagles zone.
17:02 of 3rd period - Michal Jordan is hit by Connor Carrick and loses puck.
17:36 of 3rd period - Mitchell Heard is hit by Connor Carrick and loses puck.
17:43 of 3rd period - Slapshot by Thomas Chabot.
17:43 of 3rd period - Shot Misses the Net.
19:17 of 3rd period - Wrist shot by Dmitrij Jaskin.
19:17 of 3rd period - Shot Misses the Net.
19:19 of 3rd period - Snap shot by Jonathan Marchessault.
19:19 of 3rd period - Stopped by Artyom Zagidulin with a rebound.
19:33 of 3rd period - Slapshot by Daniel Carr.
19:33 of 3rd period - Deflect By Dmitrij Jaskin.
19:33 of 3rd period - Shot Misses the Net.
19:33 of 3rd period - Puck is out of play.
19:34 of 3rd period - Pavel Bure call a timeout for Thunderbirds.
19:34 of 3rd period - Jonathan Marchessault wins face-off versus Quinton Howden in Thunderbirds zone.
19:51 of 3rd period - Thunderbirds, Artyom Zagidulin is pulled from the net.
19:57 of 3rd period - Slapshot by Kerby Rychel.
19:57 of 3rd period - Shot Misses the Net.
19:59 of 3rd period - Snap shot by Quinton Howden.
19:59 of 3rd period - Shot Misses the Net.
Goals for this period are 2 for Eagles vs 2 for Thunderbirds.
Shots for this period are 14 for Eagles vs 15 for Thunderbirds.